 Dungeon Crawl Stone Soup version 0.15.1-1-gfacfea3 (webtiles) character file.

81 Johnny the Charmwright (level 4, 0/37 HPs)
             Began as a Demigod Skald on Sept 27, 2014.
             Slain by a gnoll
             ... wielding a +0 halberd
              (7 damage)
             ... on Level 3 of the Dungeon.
             The game lasted 00:03:35 (2400 turns).

Johnny the Charmwright (Demigod Skald)              Turns: 2400, Time: 00:03:36

HP   0/37        AC  6     Str 16      XL: 4   Next:  0%
MP  10/10        EV  9     Int 17      God:
Gold 150         SH  0     Dex 16      Spells:  1 memorised,  6 levels left

rFire  . . .     SeeInvis .     a - +0 falchion
rCold  . . .     Clarity  .     t - +0 ring mail
rNeg   . . .     rCorr    .     (no shield)
rPois  .         rRot     .     (no helmet)
rElec  .         Spirit   .     (no cloak)
SustAb .         Warding  .     h - +0 pair of gloves
rMut   .         Stasis   .     (no boots)
Gourm  .                        f - amulet of faith
MR     .....                    s - ring of stealth
                                j - ring of invisibility

@: lethally poisoned, heavily drained, not resistant to hostile enchantments,
unstealthy
A: no striking features
a: Evoke Invisibility


You were on level 3 of the Dungeon.
You were hungry.

You visited 1 branch of the dungeon, and saw 3 of its levels.

You collected 150 gold pieces.

Inventory:

Hand weapons
 a - a +0 falchion (weapon)
Armour
 b - a +0 leather armour
 h - a +0 pair of gloves (worn)
 t - a +0 ring mail (worn)
Comestibles
 d - 2 bread rations
 m - a meat ration
 r - a royal jelly
 u - 2 beef jerkies
Scrolls
 e - a scroll of teleportation {unknown}
 g - a scroll of identify {unknown}
 i - a scroll of fear {unknown}
 n - a scroll of random uselessness {unknown}
 p - a scroll of magic mapping {unknown}
 q - a scroll of remove curse {unknown}
 v - a scroll of immolation {unknown}
 w - a scroll of fog {unknown}
Jewellery
 f - an amulet of faith (around neck)
 j - a ring of invisibility (left hand)
 s - a ring of stealth (right hand)
Books
 c - a book of Battle

   Spells                             Type                      Level
   *Infusion                          Charms                       1
   Shroud of Golubria                 Charms/Translocation         2
   Song of Slaying                    Charms                       2
   Spectral Weapon                    Hexes/Charms                 3
   Regeneration                       Charms/Necromancy            3


   Skills:
 * Level 2.3(0.4) Fighting
 + Level 2.0(0.1) Long Blades
 + Level 1.4(0.0) Armour
 + Level 1.2(0.0) Dodging
 + Level 0.8(0.0) Stealth
 * Level 2.2(0.4) Spellcasting
 * Level 3.2(1.3) Charms
 + Level 0.2(0.0) Evocations


You had 6 spell levels left.
You knew the following spells:

 Your Spells              Type           Power        Failure   Level  Hunger
a - Infusion              Chrm           #.....       21%         1    ##.....


Dungeon Overview and Level Annotations

Branches:
Dungeon (3/15)


Message History

The goblin closely misses you.
You see here a stone.
Drink which item? (? for menu, Esc to quit)
It has a very clean taste.
It was a potion of cure mutation.
The gnoll hits you from afar with a halberd.
* * * LOW HITPOINT WARNING * * *
The kobold closely misses you. The goblin hits you but does no damage.
Drink which item? (? for menu, Esc to quit)
You feel better.
It was a potion of curing.
The kobold throws a stone.
The stone hits you but does no damage. The gnoll closely misses you.
The kobold barely misses you. The goblin barely misses you.
Drink which item? (? for menu, Esc to quit)
That liquid tasted very nasty...
You are lethally poisoned!
It was a potion of poison.
* * * LOW HITPOINT WARNING * * *
You feel sick.
The kobold throws a stone.
The stone closely misses you. The kobold barely misses you.
The goblin closely misses you.
The gnoll hits you from afar with a halberd!
You die...

#..# ...# ..# #+##
#.##...#.#
#######........
#....!..g...#
#.#...goK.###
#.#.###gK.# ##.#.##..g@#
.#.....#......#
....#...............
.....+.................
......#.####.......#...#
......#.######.#...(...
......#.?....#.#......
......#.######.#.....
......#.## #..


You could see 3 gnolls, an orc, a goblin and 2 kobolds.

Vanquished Creatures
  Jessica (D:2)
  2 adders (D:2)
  A worm (D:2)
  4 bats (D:1)
  10 goblins
  4 hobgoblins
  7 kobolds
  3 giant cockroaches
  2 giant newts (D:2)
  4 jackals (D:2)
  3 rats
41 creatures vanquished.

Notes
Turn   | Place    | Note
--------------------------------------------------------------
     0 | D:1      | Johnny, the Demigod Skald, began the quest for the Orb.
     0 | D:1      | Reached XP level 1. HP: 17/17 MP: 3/3
    88 | D:1      | Reached skill level 1 in Armour
   194 | D:1      | Reached skill level 1 in Dodging
   271 | D:1      | Reached XP level 2. HP: 15/24 MP: 4/4
   807 | D:1      | Reached skill level 3 in Charms
  1001 | D:2      | Reached XP level 3. HP: 29/29 MP: 0/8
  1140 | D:2      | Noticed Jessica
  1152 | D:2      | Killed Jessica
  2234 | D:2      | Reached XP level 4. HP: 37/37 MP: 8/10
  2400 | D:3      | Slain by a gnoll

Action                   |  1- 3 |  4- 6 || total
-------------------------+-------+-------++-------
Melee: Falchion          |   148 |     6 ||   154
 Cast: Infusion          |     8 |     1 ||     9
 Abil: Evoke Invisibilit |     1 |       ||     1
  Use: Potion            |       |     3 ||     3
 Stab: Sleeping          |     1 |       ||     1
       Invisible         |     2 |       ||     2
  Eat: Chunk             |     5 |       ||     5
